 Dungeon Crawl Stone Soup version 0.25-b1-23-ge2ad7d536c (webtiles) character file.

Game seed: 16789242226072547498, levelgen mode: deterministic

3 Esekla the Magician (level 1, 0/12 HPs)
             Began as an Octopode Wizard on June 3, 2020.
             Was an Initiate of Qazlal.
             Slain by a leopard gecko (4 damage)
             ... on level 3 of the Dungeon.
             The game lasted 00:03:41 (386 turns).

Esekla the Magician (Octopode Wizard)                Turns: 386, Time: 00:03:41

Health: 0/12       AC:  1    Str:  6    XL:     1   Next: 50%
Magic:  4/4        EV: 13    Int: 20    God:    Qazlal [......]
Gold:   31         SH:  0    Dex: 10    Spells: 5/6 levels left

rFire    . . .     SeeInvis .   (no weapon)
rCold    . . .     Gourm    .   (no shield)
rNeg     . . .     Faith    .   a - +0 hat
rPois    .         Spirit   .   (no amulet)
rElec    .         Reflect  .   (no ring)
rCorr    .         Harm     .   (no ring)
MR       .....                  (no ring)
Stlth    +++.......             (no ring)
HPRegen  0.04/turn              (no ring)
MPRegen  0.09/turn              (no ring)
                                (no ring)
                                (no ring)

@: no status effects
A: almost no armour, stealthy swim, amphibious, 8 rings, constrict 8, camouflage
1, gelatinous body 1
a: Renounce Religion


You were on level 3 of the Dungeon.
You worshipped Qazlal.
Qazlal was noncommittal.
You were not hungry.

You visited 1 branch of the dungeon, and saw 3 of its levels.

You collected 31 gold pieces.

Inventory:

Armour
 a - a +0 hat (worn)
Scrolls
 b - a scroll of blinking {unknown}
 d - a scroll of remove curse {unknown}
 e - a scroll of identify {unknown}
 f - a scroll of teleportation {unknown}
 g - a scroll of enchant weapon {unknown}
Comestibles
 c - a ration


   Skills:
 * Level 0.4 Fighting
 + Level 2.0 Dodging
 - Level 2.6 Stealth
 * Level 3.1 Spellcasting
 + Level 1.0 Conjurations
   Level 1.0 Summonings
   Level 1.0 Translocations


You had 5 spell levels left.
You knew the following spells:

 Your Spells              Type           Power        Failure   Level  Hunger
a - Magic Dart            Conj           #...         10%         1    None

Your spell library contained the following spells:

 Spells                   Type           Power        Failure   Level  Hunger
 Blink                    Tloc           N/A          14%         2    ##.....
 Call Imp                 Summ           #.......     14%         2    ##.....
 Slow                     Hex            #.......     22%         2    ##.....
 Conjure Flame            Conj/Fire      #.......     34%         3    ###....
 Mephitic Cloud           Conj/Pois/Air  #.......     36%         3    ###....


Dungeon Overview and Level Annotations

Branches:
Dungeon (3/15)

Altars:
Qazlal


Innate Abilities, Weirdness & Mutations

You cannot wear most types of armour.
You are very stealthy in the water. (Stealth+)
You are amphibious.
You can wear up to eight rings at the same time.
You can use your tentacles to constrict eight enemies at once.
Your skin changes colour to match your surroundings (Stealth+).
Your rubbery body absorbs attacks. (AC +1, EV +1)


Message History

Qazlal grants you and your divine allies immunity to clouds.
A leopard gecko comes into view.
Found a dagger.
The leopard gecko hisses angrily.
You closely miss the leopard gecko. Your grab misses the leopard gecko.
You squeeze the leopard gecko.
The leopard gecko is heavily wounded.
The leopard gecko bites you.
You tentacle-slap the leopard gecko but do no damage.
Your grab misses the leopard gecko.
The leopard gecko is heavily wounded.
The leopard gecko misses you.
You closely miss the leopard gecko. Your grab misses the leopard gecko.
The leopard gecko is heavily wounded.
The leopard gecko bites you.
You closely miss the leopard gecko. You grab the leopard gecko.
The leopard gecko is heavily wounded.
You constrict the leopard gecko. The leopard gecko closely misses you.
The leopard gecko bites you.
You die...

# #E#...#E#
#.####...####
#...........###
###...._.......
#............
####...###..[
#E#...#E#...#
###...###...#
#....@.....#
#...l......#
#..........#
#..........#
#......)...#
############


You could see a water elemental and a leopard gecko.

Vanquished Creatures
  A goblin (D:2)
  A frilled lizard (D:2)
  2 rats
4 creatures vanquished.

Notes
Turn   | Place    | Note
-------+----------+-------------------------------------------
     0 | D:1      | Esekla the Octopode Wizard began the quest for the Orb.
     0 | D:1      | Reached XP level 1. HP: 11/11 MP: 4/4
   124 | D:1      | You fall into a shaft and drop 1 floor!
   369 | D:3      | Found a stormy altar of Qazlal.
   371 | D:3      | Noticed an air elemental
   371 | D:3      | Noticed a fire elemental
   372 | D:3      | Noticed a water elemental
   372 | D:3      | Noticed an earth elemental
   377 | D:3      | Became a worshipper of Qazlal Stormbringer
   386 | D:3      | Slain by a leopard gecko

Illustrated notes

Levels and vault maps discovered:
D:1:      ldierk_walled_garden_2, layout_loops_ring, minmay_unequal
D:2:      layout_basic, lightli_corner_chamber
D:3:      layout_basic, grunt_temple_overflow_open, portal_sewer_entry_f,
          nicolae_qazlal_style_of_elements

Action                   || total
-------------------------++-------
Melee: Unarmed           ||     5
       Constrict         ||     2
       Tentacles         ||     2
 Cast: Magic Dart        ||     8
Dodge: Dodged            ||     7
